 Dungeon Crawl Stone Soup version 0.29.1-2-gbd0b4ee654 (webtiles) character file.

Game seed: 4128472597638559032

27 croobank the Caller (level 2, -8/20 HPs)
             Began as a Demonspawn Summoner on Nov 15, 2022.
             Mangled by a gnoll
             ... wielding a +0 flail
              (10 damage)
             ... on level 1 of the Dungeon.
             The game lasted 00:04:20 (1531 turns).

croobank the Caller (Demonspawn Summoner)           Turns: 1531, Time: 00:04:20

Health: -8/20      AC:  3    Str:  8    XL:     2   Next: 93%
Magic:  3/5        EV: 12    Int: 16    God:
Gold:   48         SH:  0    Dex: 13    Spells: 2/5 levels left

rFire   . . .      SeeInvis .   b - +0 sling
rCold   . . .      Faith    .   (no shield)
rNeg    . . .      Spirit   .   c - +0 robe
rPois   .          Reflect  .   (no helmet)
rElec   .          Harm     .   (no cloak)
rCorr   .          Rampage  .   (no gloves)
Will    .....                   d - +0 pair of boots
Stlth   ++........              (no amulet)
HPRegen 0.06/turn               (no ring)
MPRegen 0.09/turn               (no ring)

@: no status effects
A: demonic touch 1
a: no special abilities


You were on level 1 of the Dungeon.
You visited 1 branch of the dungeon, and saw 2 of its levels.

You collected 48 gold pieces.

Inventory:

Hand Weapons
 a - a +0 whip
 b - a +0 sling (weapon)
Armour
 c - a +0 robe (worn)
 d - a +0 pair of boots (worn)
Scrolls
 e - a scroll of identify {unknown}
 h - a scroll of teleportation {unknown}
 i - a scroll of magic mapping {unknown}
Potions
 f - a potion of heal wounds {unknown}
 g - a potion of magic
 j - a potion of resistance {unknown}


   Skills:
 + Level 0.4 Fighting
 + Level 2.1 Dodging
 + Level 2.2 Stealth
 + Level 2.2 Spellcasting
 + Level 4.2 Summonings


You had 2 spell levels left.
You knew the following spells:

 Your Spells              Type           Power      Damage    Failure   Level
a - Summon Small Mammal   Summ           60%        N/A       3%          1
b - Call Imp              Summ           15%        N/A       5%          2

Your spell library contained the following spells:

 Spells                   Type           Power      Damage    Failure   Level
 Call Canine Familiar     Summ           15%        N/A       11%         3
 Summon Guardian Golem    Hex/Summ       8%         N/A       26%         3
 Summon Lightning Spire   Summ/Air       8%         N/A       63%         4


Dungeon Overview and Level Annotations

Branches:
Dungeon (2/15)

Altars:


Innate Abilities, Weirdness & Mutations

Your touch may inflict minor irresistible damage on your foes.


Message History

You shoot a sling bullet. The sling bullet hits the endoplasm.
You kill the endoplasm!
You see here a +0 scale mail.
Found a ring mail.
You now have 42 gold pieces (gained 16).
You see here a +0 club.
You now have 48 gold pieces (gained 6).
Done exploring.
(D) Dungeon
Where to? (Enter - D:1 @ (x,y), ? - help)
You see here a +0 club.
There is a stone staircase leading down here.
You climb downwards.
Found four items.
There is a stone staircase leading up here.
There are monsters nearby!
You shoot a sling bullet. The sling bullet hits the gnoll.
The gnoll shouts!
The gnoll is moderately wounded.
The gnoll shouts! x2
You shoot a sling bullet.
The sling bullet hits the gnoll but does no damage.
The gnoll is moderately wounded.
You shoot a sling bullet.
The sling bullet barely misses the gnoll. x2
The gnoll closely misses you.
The gnoll hits you from afar with a +0 spear. x2
The gnoll misses you. The gnoll barely misses you. x2
You climb upwards.
There is a stone staircase leading down here.
The gnoll attacks as you move away! The gnoll barely misses you.
The gnoll attacks as you move away! The gnoll hits you with a +0 flail!
Ouch! That really hurt!
* * * LOW HITPOINT WARNING * * *
Casting: Summon Small Mammal (safe; 3% risk of failure)
Confirm with . or Enter, or press ? or * to list all spells.
A beastly little devil appears in a puff of flame.
The gnoll hits you with a +0 flail!
Ouch! That really hurt!
You die...

##...### ###...###.........# #.#
###...###...#######.#.##.## ##.#
##.......##......##.##.# ##.##
###.<.###########...#####...#
##.......## #..#.......#..
###...###...### ##...#####.).#
##.(.### ###...## ##.## ##.##
#.######## ####.## #.# #.# .##
##...# ##@# #.# #.# ..###.##†#
##g#####.# #.#
#..#.###.######.g5..##.## ##.##
#.#.####.........>.##...#####...#
#.#.........###....#..#.......#..
#.#########.# #.##..#...#####...#
#.# #.# #.##.###.## #.##.##
#.#########.# #.##.##.#.# #.[..#
............# #.##.....## #.####


You could see 2 gnolls and a friendly crimson imp (summoned).

Vanquished Creatures
  A ball python (D:1)
  An endoplasm (D:1)
  A goblin (D:1)
  4 hobgoblins (D:1)
  A quokka (D:1)
  A frilled lizard (D:1)
  A kobold (D:1)
  A rat (D:1)
11 creatures vanquished.

Vanquished Creatures (collateral kills)
  A ball python (D:1)
  A giant cockroach (D:1)
  2 goblins (D:1)
  2 bats (D:1)
  A frilled lizard (D:1)
  3 kobolds (D:1)
  4 rats (D:1)
14 creatures vanquished.

Grand Total: 25 creatures vanquished

Notes
Turn   | Place    | Note
-------+----------+-------------------------------------------
     0 | D:1      | croobank the Demonspawn Summoner began the quest for the
                  | Orb.
     0 | D:1      | Reached XP level 1. HP: 13/13 MP: 3/3
   335 | D:1      | Gained mutation: Your touch may inflict minor irresistible
                  | damage on your foes. [demonic ancestry]
   335 | D:1      | Reached XP level 2. HP: 13/19 MP: 1/5
   338 | D:1      | Learned a level 2 spell: Call Imp
  1531 | D:1      | Mangled by a gnoll

Illustrated notes

Levels and vault maps discovered:
D:1:      dpeg_arrival_simpleton_a, layout_loops_ring, minmay_misc_feat_tower,
          minmay_strange_pillars, minmay_misc_feat_pillars
D:2:      cheibrodos_old_hovel, layout_rooms,
          shapermc_ecumenical_altar_acropolis, serial_shops, shop

Skill      XL: |  1 |
---------------+----+-----
Stealth        | 2 |  2.2
Dodging        | 2 |  2.1
Fighting       | |  0.4
Spellcasting   | |  2.2
Summonings     | |  4.2

Action                   || total
-------------------------++-------
Melee: Whip              ||    14
       Unarmed           ||    11
 Fire: Sling             ||    35
 Cast: Summon Small Mamm ||    24
       Call Imp          ||     5
Armor: Robe              ||    10
Dodge: Dodged            ||    32
